 Dungeon Crawl Stone Soup version 0.31-a0-826-ga5cc291a1b (webtiles) character file.

Game seed: 18307613902057930979

3191 qw the Skirmisher (level 9, -6/57 HPs)
             Began as a Gargoyle Hunter on Sept 23, 2023.
             Was a Believer of Okawaru.
             Shot with an arrow by a centaur (12 damage)
             ... on level 8 of the Dungeon.
             The game lasted 00:02:21 (5587 turns).

qw the Skirmisher (Gargoyle Hunter)                 Turns: 5587, Time: 00:02:21

Health: -6/57      AC: 15    Str: 14    XL:     9   Next: 96%
Magic:  12/12      EV: 21    Int:  9    God:    Okawaru [**....]
Gold:   400        SH:  0    Dex: 21    Spells: 8/8 levels left

rFire   . . .        m - +0 orcbow
rCold   . . .        (shield currently unavailable)
rNeg    + . .        h - +0 ring mail
rPois   inf          (no helmet)
rElec   +            (no cloak)
rCorr   +            (no gloves)
SInv    .            j - +1 pair of boots
Will    .....        (no amulet)
Stlth   +++          o - ring of resist corrosion
HPRegen 0.29/turn    p - +5 ring of evasion
MPRegen 0.13/turn

%: no passive effects
@: heroic, flying
A: sickness immunity, AC +6, negative energy resistance 1, electricity
resistance, torment resistance 1, petrification resistance, big wings, agile 1
a: Renounce Religion, Heroism


You were on level 8 of the Dungeon.
You worshipped Okawaru.
Okawaru was pleased with you.
You visited 1 branch of the dungeon, and saw 8 of its levels.

You collected 400 gold pieces.


Innate Abilities, Weirdness & Mutations

You are immune to sickness and miasma.
Your stone body is resilient. (AC +6)
You are immune to poison.
You resist negative energy. (rN+)
You are resistant to electric shocks. (rElec)
You are resistant to unholy torment.
You are immune to petrification.
Your large and strong wings let you fly.
You are agile. (Dex +4, Str/Int -1)


   Skills:
 + Level 7.2(12.2) Fighting
 - Level 11.1(16.1) Ranged Weapons
 - Level 3.2(8.2) Armour
 - Level 3.1(8.1) Dodging
 - Level 1.1(6.1) Stealth
 - Level 4.2 Invocations


You had 8 spell levels left.
You didn't know any spells.
Your spell library was empty.

Inventory:

Hand Weapons
 m - a +0 orcbow (weapon)
Armour
 h - a +0 ring mail (worn)
 j - a +1 pair of boots (worn)
Jewellery
 d - a ring of fire
 o - a ring of resist corrosion (left hand)
 p - a +5 ring of evasion (right hand)
Potions
 a - a potion of lignification {unknown}
 b - a potion of might
 c - a potion of invisibility {unknown}
 e - a potion of brilliance {unknown}
 f - a potion of curing
 g - 2 potions of enlightenment
 i - a potion of magic {unknown}
 k - 2 potions of mutation
 l - a potion of ambrosia {unknown}
 n - a potion of haste

Dungeon Overview and Level Annotations

Branches:
Dungeon (8/15)             Temple (0/1) D:7
   Lair: D:8-11

Altars:
Cheibriados
Fedhas
Kikubaaqudgha
Makhleb
Okawaru
Sif Muna
Trog
Vehumet

Annotations:
D:3 1 runed translucent door, Crazy Yiuf
D:4 3 runed translucent doors, qw's ghost, amateur GrHu; qw's ghost, novice GrHu


Message History

The steam dragon breathes steam at you. The ball of steam misses you.
The yak gores you but does no damage.
The orc priest shouts!
You shoot an arrow. The arrow hits the yak!
You kill the yak!
Okawaru accepts your kill.
You are engulfed in a cloud of scalding steam.
The orc warrior hits you with a +0 short sword!
The steam dragon bites you but does no damage.
The steam dragon misses you.
Your base Armour skill increases to level 3!
You shoot an arrow.
The arrow completely misses the steam dragon.
You are engulfed in a cloud of scalding steam.
You shoot an arrow. The arrow hits the steam dragon!
The steam dragon is heavily wounded.
You are engulfed in a cloud of scalding steam.
The orc warrior misses you. The steam dragon breathes steam at you.
The ball of steam hits you!!
You hear a shout!
A centaur comes into view.
You shoot an arrow. The arrow hits the steam dragon.
The steam dragon is heavily wounded.
The orc priest casts a cantrip, but nothing happens.
The orc warrior is engulfed in a cloud of scalding steam.
The orc warrior misses you. The steam dragon barely misses you. x2
The centaur wields a +0 orcbow.
The centaur shoots an arrow.
The arrow completely misses you.
You shoot an arrow.
The arrow completely misses the steam dragon.
You are engulfed in a cloud of scalding steam.
An orc comes into view. It is wielding a +1 heavy mace.
The orc priest looks braver for a moment.
The orc warrior hits you with a +0 short sword!
The steam dragon closely misses you. The steam dragon claws you.
You shoot an arrow. The arrow hits the steam dragon!
The steam dragon is almost dead.
The centaur shoots an arrow.
The arrow hits you!
You die...

#.....#
....#.....#
.o..#c....#
o..#...¤¤#
#..#...¤.#
#..+..¤..#
#.o#...).#######
#.o#...<.......#
#.%@...........#
+.D#...........#
####...........#
#############


You could see a steam dragon (catching breath), an orc warrior, a centaur, 2 orc
priests and an orc.

Vanquished Creatures
  Prince Ribbit (D:7)
  A wyvern (D:7)
  8 yaks
  A steam dragon (D:6)
  Menkaure (D:6)
  A water moccasin (D:7)
  An ice beast (D:5)
  An orc warrior (D:7)
  A centaur (D:7)
  2 bullfrogs
  3 scorpions
  A howler monkey (D:4)
  4 hounds (D:5)
  3 sleepcaps
  2 orc priests
  An iguana (D:7)
  Natasha (thrice) (D:3)
  9 orc wizards
  6 adders
  2 white imps (D:6)
  2 ufetubi
  A worm (D:6)
  5 dart slugs
  18 orcs
  A bat (D:2)
  3 endoplasms
  2 giant cockroaches
  9 goblins
  5 hobgoblins
  4 jackals (D:4)
  7 kobolds
  A quokka (D:1)
  9 ball pythons
  2 frilled lizards
  6 rats
127 creatures vanquished.

Notes
Turn   | Place    | Note
-------+----------+-------------------------------------------
     0 | D:1      | qw the Gargoyle Hunter began the quest for the Orb.
     0 | D:1      | Reached XP level 1. HP: 12/12 MP: 1/1
     0 | D:1      | 0 ||| qw: Version: 0.3-a-83-gcd0e7d8
     0 | D:1      | 0 ||| qw: Game counter: 1919
     0 | D:1      | 0 ||| qw: Melee chars always use a shield: true
     0 | D:1      | 0 ||| qw: God list: Okawaru
     0 | D:1      | 0 ||| qw: Allow faded altars: false
     0 | D:1      | 0 ||| qw: Do Orc after clearing Dungeon:15 true
     0 | D:1      | 0 ||| qw: Do second Lair branch before Depths: true
     0 | D:1      | 0 ||| qw: Lair rune preference: random
     0 | D:1      | 0 ||| qw: Goals: Normal
     0 | D:1      | 0 ||| PLANNING D:1-11
    83 | D:1      | Reached XP level 2. HP: 8/17 MP: 2/2
   522 | D:1      | 522 ||| UPGRADING to +0 ring mail.
   532 | D:1      | 532 ||| DROPPING +0 leather armour.
   533 | D:1      | 533 ||| UPGRADING to +1 pair of boots.
   538 | D:1      | 538 ||| DROPPING ring of flight.
   539 | D:1      | 539 ||| READING scroll labelled KALOURASUX.
   540 | D:1      | 540 ||| READING scroll labelled JITUOK SOREIPS.
   541 | D:1      | 541 ||| DROPPING scroll of butterflies.
   581 | D:2      | Reached skill level 1 in Armour
   581 | D:2      | Reached XP level 3. HP: 21/21 MP: 3/3
   889 | D:2      | Reached skill level 5 in Ranged Weapons
  1473 | D:2      | 1473 ||| DROPPING ring of magical power.
  1474 | D:2      | 1474 ||| DRINKING 2 smoky black potions.
  1475 | D:2      | 1475 ||| DRINKING 2 green potions.
  1492 | D:3      | 1492 ||| STAIRDANCE
  1504 | D:2      | Reached skill level 3 in Fighting
  1504 | D:2      | Reached XP level 4. HP: 24/28 MP: 4/4
  1522 | D:3      | 1522 ||| STAIRDANCE
  1559 | D:3      | 1559 ||| STAIRDANCE
  1624 | D:3      | Found a radiant altar of Vehumet.
  1747 | D:3      | Noticed Natasha
  1752 | D:3      | Killed Natasha
  1753 | D:3      | Reached XP level 5. HP: 30/32 MP: 5/5
  1874 | D:3      | Reached skill level 6 in Ranged Weapons
  2022 | D:3      | Noticed Natasha
  2031 | D:3      | 2031 ||| Stepping ~*~*~tactically~*~*~ (retreating).
  2032 | D:3      | 2032 ||| Stepping ~*~*~tactically~*~*~ (retreating).
  2040 | D:3      | Killed Natasha
  2178 | D:3      | Noticed Natasha
  2181 | D:3      | 2181 ||| FLEEEEING.
  2183 | D:3      | 2183 ||| FLEEEEING.
  2184 | D:3      | 2184 ||| FLEEEEING.
  2185 | D:3      | 2185 ||| FLEEEEING.
  2186 | D:3      | 2186 ||| FLEEEEING.
  2187 | D:3      | 2187 ||| FLEEEEING.
  2188 | D:3      | 2188 ||| FLEEEEING.
  2189 | D:3      | 2189 ||| FLEEEEING.
  2190 | D:3      | 2190 ||| FLEEEEING.
  2191 | D:3      | 2191 ||| FLEEEEING.
  2192 | D:3      | 2192 ||| FLEEEEING.
  2193 | D:3      | 2193 ||| FLEEEEING.
  2194 | D:3      | 2194 ||| FLEEEEING.
  2195 | D:3      | 2195 ||| FLEEEEING.
  2209 | D:3      | 2209 ||| FLEEEEING.
  2210 | D:3      | 2210 ||| FLEEEEING.
  2211 | D:3      | 2211 ||| FLEEEEING.
  2223 | D:3      | Killed Natasha
  2224 | D:3      | Reached XP level 6. HP: 38/38 MP: 6/6
  2500 | D:3      | Found a runed translucent door.
  2501 | D:3      | Noticed Crazy Yiuf
  2504 | D:3      | 2504 ||| READING scroll labelled PUAQYN POETAM.
  2505 | D:3      | 2505 ||| READING 3 scrolls labelled HUDERGHAUSA.
  2506 | D:3      | 2506 ||| READING scroll labelled GISIQ XYBRUKA.
  2507 | D:3      | 2507 ||| DRINKING 2 fuming black potions.
  2507 | D:3      | Gained mutation: Your large and strong wings let you fly.
                  | [potion of mutation]
  2507 | D:3      | Gained mutation: You are agile. (Dex +4, Str/Int -1)
                  | [potion of mutation]
  2508 | D:3      | 2508 ||| DROPPING 2 scrolls of blinking.
  2635 | D:4      | Found a runed translucent gate.
  2788 | D:4      | 2788 ||| READING scroll of enchant weapon.
  2788 | D:4      | 2788 ||| ENCHANTING +1 shortbow.
  2966 | D:4      | Found a runed translucent gate.
  2966 | D:4      | Found a runed translucent gate.
  2970 | D:4      | Noticed qw's ghost (amateur GrHu)
  2970 | D:4      | Noticed qw's ghost (novice GrHu)
  2970 | D:4      | Noticed qw's ghost (novice GrHu)
  2998 | D:4      | 2998 ||| FLEEEEING.
  2999 | D:4      | 2999 ||| FLEEEEING.
  3000 | D:4      | 3000 ||| FLEEEEING.
  3001 | D:4      | 3001 ||| FLEEEEING.
  3002 | D:4      | 3002 ||| FLEEEEING.
  3005 | D:4      | 3005 ||| FLEEEEING.
  3006 | D:4      | 3006 ||| FLEEEEING.
  3007 | D:4      | 3007 ||| FLEEEEING.
  3008 | D:4      | 3008 ||| FLEEEEING.
  3016 | D:4      | 3016 ||| FLEEEEING.
  3017 | D:4      | 3017 ||| FLEEEEING.
  3029 | D:4      | 3029 ||| FLEEEEING.
  3030 | D:4      | 3030 ||| FLEEEEING.
  3031 | D:4      | 3031 ||| FLEEEEING.
  3032 | D:4      | 3032 ||| FLEEEEING.
  3033 | D:4      | 3033 ||| STAIRDANCE
  3181 | D:3      | 3181 ||| READING scroll labelled ZIAS AMAEXZU.
  3182 | D:3      | 3182 ||| READING scroll labelled ERUSIG RUIPUTUIDE.
  3283 | D:3      | 3283 ||| DRINKING 2 dark potions.
  3357 | D:4      | Found an iron altar of Okawaru.
  3358 | D:4      | 3358 ||| PLANNING OKAWARU WORSHIP
  3368 | D:4      | Became a worshipper of Warmaster Okawaru
  3369 | D:4      | 3369 ||| PLANNING D:1-11
  3422 | D:4      | Reached skill level 7 in Ranged Weapons
  3564 | D:5      | Entered Level 5 of the Dungeon
  3575 | D:5      | Reached XP level 7. HP: 39/43 MP: 7/7
  3888 | D:5      | 3888 ||| READING scroll of enchant weapon.
  3888 | D:5      | 3888 ||| ENCHANTING +2 shortbow.
  3986 | D:5      | Reached skill level 8 in Ranged Weapons
  4010 | D:5      | Reached * piety under Okawaru
  4049 | D:5      | Found a burning altar of Makhleb.
  4051 | D:5      | Noticed an Executioner
  4100 | D:5      | 4100 ||| UPGRADING to ring of resist corrosion.
  4101 | D:5      | 4101 ||| UPGRADING to +5 ring of evasion.
  4102 | D:5      | 4102 ||| READING scroll labelled SYUREP DEGUET.
  4103 | D:5      | 4103 ||| READING scroll labelled BOIGGE OTTO.
  4146 | D:6      | 4146 ||| RETREEAATING.
  4147 | D:6      | 4147 ||| INVOKING Heroism.
  4248 | D:6      | Noticed Menkaure
  4249 | D:6      | 4249 ||| FLEEEEING.
  4251 | D:6      | 4251 ||| FLEEEEING.
  4251 | D:6      | Found a bloodstained altar of Trog.
  4252 | D:6      | 4252 ||| FLEEEEING.
  4253 | D:6      | 4253 ||| FLEEEEING.
  4254 | D:6      | 4254 ||| FLEEEEING.
  4255 | D:6      | 4255 ||| FLEEEEING.
  4256 | D:6      | 4256 ||| FLEEEEING.
  4258 | D:6      | 4258 ||| INVOKING Heroism.
  4265 | D:6      | Killed Menkaure
  4266 | D:6      | Reached XP level 8. HP: 44/49 MP: 5/8
  4304 | D:6      | Found an ancient bone altar of Kikubaaqudgha.
  4445 | D:6      | 4445 ||| INVOKING Heroism.
  4455 | D:6      | Reached skill level 9 in Ranged Weapons
  4455 | D:6      | 4455 ||| Stepping ~*~*~tactically~*~*~ (cloud).
  4604 | D:6      | Found a snail-covered altar of Cheibriados.
  4694 | D:6      | Found a blossoming altar of Fedhas.
  4698 | D:6      | Noticed a yak
  4698 | D:6      | Noticed a yak
  4698 | D:6      | Noticed a yak
  4698 | D:6      | Noticed a yak
  4699 | D:6      | 4699 ||| RETREEAATING.
  4701 | D:6      | 4701 ||| RETREEAATING.
  4703 | D:6      | 4703 ||| Stepping ~*~*~tactically~*~*~ (retreating).
  4709 | D:6      | Killed a yak
  4709 | D:6      | Noticed a yak
  4714 | D:6      | 4714 ||| INVOKING Heroism.
  4716 | D:6      | Killed a yak
  4723 | D:6      | Killed a yak
  4724 | D:6      | Reached skill level 6 in Fighting
  4724 | D:6      | Reached skill level 3 in Invocations
  4724 | D:6      | HP: 9/52 [yak (6)]
  4725 | D:6      | 4725 ||| DRINKING potion of heal wounds.
  4728 | D:6      | HP: 4/52 [yak (12)]
  4729 | D:6      | 4729 ||| INVOKING Heroism.
  4730 | D:6      | Killed a yak
  4731 | D:6      | Reached XP level 9. HP: 5/56 MP: 6/12
  4979 | D:6      | 4979 ||| DRINKING 2 inky potions.
  4980 | D:6      | 4980 ||| DRINKING 2 viscous yellow potions.
  5016 | D:7      | Reached ** piety under Okawaru
  5042 | D:7      | Reached skill level 10 in Ranged Weapons
  5076 | D:7      | 5076 ||| INVOKING Heroism.
  5125 | D:7      | Found a staircase to the Ecumenical Temple.
  5184 | D:7      | Reached skill level 3 in Dodging
  5199 | D:7      | Noticed Prince Ribbit
  5200 | D:7      | 5200 ||| INVOKING Heroism.
  5207 | D:7      | 5207 ||| DRINKING 3 potions of curing.
  5207 | D:7      | 5207 ||| (to cure confusion)
  5215 | D:7      | Killed Prince Ribbit
  5236 | D:7      | 5236 ||| SWAPPING to +0 orcbow.
  5239 | D:7      | 5239 ||| DROPPING +3 shortbow of flaming.
  5477 | D:7      | Found a shimmering blue altar of Sif Muna.
  5528 | D:8      | 5528 ||| STAIRDANCE
  5533 | D:8      | 5533 ||| STAIRDANCE
  5540 | D:7      | 5540 ||| DRINKING 2 potions of curing.
  5540 | D:7      | 5540 ||| (to cure confusion)
  5570 | D:8      | 5570 ||| INVOKING Heroism.
  5579 | D:8      | Reached skill level 11 in Ranged Weapons
  5583 | D:8      | Reached skill level 3 in Armour
  5586 | D:8      | HP: 10/57 [orc warrior/+0 short sword (8)]
  5587 | D:8      | Shot with an arrow by a centaur

Levels and vault maps discovered:
D:1:      eino_arrival_druids_welcome, layout_rooms, serial_forest,
          infiniplex_forest_clump_medium, infiniplex_forest_lined_room_2,
          infiniplex_forest_lined_4_way, infiniplex_forest_lined_room_2,
          infiniplex_forest_straight_4, infiniplex_forest_zigzag_1,
          infiniplex_forest_straight_2
D:2:      layout_loops_corners, grunt_ministairs_1, dk_noncrumbling_2,
          minmay_pentomino_s2
D:3:      layout_loops_ring, mainiacjoe_overflow_alcove_1,
          kennysheep_generic_room_4, uniq_crazy_yiuf_cottage, uniq_natasha
D:4:      layout_gridville, kennysheep_okawaru_gauntlet,
          gammafunk_ghost_cemetery, corexii_leaking_fountain
D:5:      layout_loops_cross, makhleb_altar_promises_db
D:6:      layout_rooms, slow_altar_2, mainiacjoe_overflow_small_starburst,
          pf_just_have_faith, old_standard_altar, uniq_menkaure
D:7:      layout_rooms, mainiacjoe_overflow_alcove_2, minmay_temple_entry_waves,
          kennysheep_generic_room_16, uniq_prince_ribbit1
D:8:      layout_gridville, grunt_temple_overflow_holy_war,
          chequers_serial_rivers_small_3

Skill      XL: |  1  2  3  4  5  6  7  8  9 |
---------------+----------------------------+-----
Armour         | 1 2 3 |  3.2
Ranged Weapons | 5 6 7 8 9 11 | 11.1
Fighting       | 3 4 5 6 7 |  7.2
Dodging        | 2 3 |  3.1
Invocations    | 4 |  4.2
Stealth        | |  1.1

Action                     |  1- 3 |  4- 6 |  7- 9 || total
---------------------------+-------+-------+-------++-------
   Fire: Shortbow          |    84 |   177 |   160 ||   421
         Orcbow            |       |       |    74 ||    74
 Invoke: Heroism           |       |       |     8 ||     8
    Use: Scroll            |     2 |     6 |     3 ||    11
         Potion            |     2 |     2 |     5 ||     9
 Armour: Leather armour    |     8 |       |       ||     8
         Ring mail         |    28 |    71 |    95 ||   194
  Dodge: Dodged            |    15 |    48 |    96 ||   159

Table legend:
 A = Non-vault XP
 B = Vault XP
 C = Vault XP percentage of total XP
 D = Non-vault monster count
 E = Vault monster count
 F = Vault count percentage of total count
                 A         B        C        D         E       F
            +---------+---------+-------+---------+---------+-------
      Total |    3568 |     991 |  21.7 |     113 |      14 |  11.0
            +---------+---------+-------+---------+---------+-------
        D:1 |      24 |       0 |   0.0 |      12 |       0 |   0.0
        D:2 |      84 |       5 |   5.6 |      18 |       3 |  14.3
        D:3 |     187 |      38 |  16.9 |      16 |       3 |  15.8
        D:4 |     274 |       3 |   1.1 |      23 |       2 |   8.0
        D:5 |     360 |       0 |   0.0 |       8 |       0 |   0.0
        D:6 |    1416 |     177 |  11.1 |      18 |       2 |  10.0
        D:7 |     606 |     768 |  55.9 |      14 |       4 |  22.2
        D:8 |     617 |       0 |   0.0 |       4 |       0 |   0.0
            +---------+---------+-------+---------+---------+-------
